 Dungeon Crawl Stone Soup version 0.20.0-15-g7f486f2 (webtiles) character file.

888 vishdafish the Shield-Bearer (level 7, -9/53 HPs)
             Began as a Demonspawn Fighter on June 18, 2017.
             Killed by nerve-wracking pain
             ... invoked by an orc priest
              (11 damage)
             ... on level 5 of the Dungeon.
             The game lasted 00:20:18 (4756 turns).

vishdafish the Shield-Bearer (Demonspawn Fighter)   Turns: 4756, Time: 00:20:21

Health: -9/53      AC: 11    Str: 16    XL:     7   Next: 77%
Magic:  7/7        EV: 14    Int: 11    God:
Gold:   157        SH: 15    Dex: 20    Spells: 6/6 levels left

rFire    . . .     SeeInvis +   a - +0 long sword
rCold    . . .     Gourm    .   c - +0 shield
rNeg     . . .     Faith    .   b - +0 scale mail
rPois    .         Spirit   .   (no helmet)
rElec    .         Reflect  +   (no cloak)
rCorr    .         Harm     .   (no gloves)
MR       .....                  (no boots)
Stlth    ++........             k - +5 amulet of reflection
Regen    0.2/turn               q - +2 ring of intelligence
MPRegen  0.1/turn               r - ring of see invisible

@: agile
A: talons 2, iridescent scales 2, powered by pain 1
a: no special abilities


You were on level 5 of the Dungeon.
You were not hungry.

You visited 2 branches of the dungeon, and saw 7 of its levels.

You collected 157 gold pieces.

Inventory:

Hand Weapons
 a - a +0 long sword (weapon)
 f - a +0 arbalest
Armour
 b - a +0 scale mail (worn)
 c - a +0 shield (worn)
Jewellery
 k - a +5 amulet of reflection (around neck)
 q - a +2 ring of intelligence (left hand)
 r - a ring of see invisible (right hand)
Scrolls
 g - a scroll of random uselessness {unknown}
 j - a scroll of immolation {unknown}
 l - 2 scrolls of magic mapping {unknown}
 m - 3 scrolls of remove curse
 n - 2 scrolls of teleportation {unknown}
 o - a scroll of amnesia
 v - a scroll of enchant weapon
Potions
 d - a potion of might
 e - a potion of resistance
 h - a potion of brilliance
 t - a potion of lignification
 u - a potion of ambrosia {unknown}
Comestibles
 p - a meat ration


   Skills:
 + Level 3.8 Fighting
 + Level 4.9 Long Blades
 + Level 4.4 Armour
 + Level 2.3 Dodging
 + Level 0.4 Stealth
 + Level 5.0 Shields


You had 6 spell levels left.
You didn't know any spells.

Dungeon Overview and Level Annotations

Branches:
Dungeon (6/15)             Temple (1/1) D:4

Altars:
Dithmenos
Elyvilon
Fedhas
Kikubaaqudgha
Okawaru
Xom
The Shining One


Innate Abilities, Weirdness & Mutations

You have razor-sharp toenails.
You are mostly covered in iridescent scales. (AC +4)
You sometimes gain a little power by taking damage.


Message History

Beogh smites you!
* * * LOW HITPOINT WARNING * * *
You closely miss the orc priest.
The orc priest is severely wounded.
The orc priest looks braver for a moment.
You hit the orc priest. Your kick misses the orc priest.
The orc priest is almost dead.
You block the orc priest's attack. x2
You hit the orc priest.
You kill the orc priest!
You closely miss the orc. You claw the orc, but do no damage.
You block the orc's attack. x2
You slash the orc!
You kill the orc!
The orc priest invokes the aid of Beogh against you.
Beogh smites you!
* * * LOW HITPOINT WARNING * * *
The orc priest mumbles some strange prayers to Beogh against you.
Pain shoots through your body!
You die...

#.# ##### #.# #...###### #.#
#........# #.# #...####.#
##.### #...# #.# .....#
########...# #.#
.....#####.....##...# #.#
...............##...####.#
..............o)@.....).>#
#####################.##)#
#..P# #.....# #._.# #..####
#PP.##### #..# ##..P#..#
#..# ###P..#..###..######
######.........#........#
####...(..(.......#........#


You could see an orc priest.

Vanquished Creatures
  2 centaurs (D:5)
  3 scorpions
  A howler monkey (D:4)
  A bullfrog zombie (D:4)
  A bullfrog skeleton (D:5)
  A centaur skeleton (D:4)
  A gnoll shaman (D:4)
  An orc priest (D:5)
  3 orc wizards
  2 worker ants
  3 hound skeletons
  A howler monkey zombie (D:5)
  A worker ant zombie (D:5)
  6 gnolls
  11 adders
  An ooze (D:1)
  3 worms
  A dart slug (D:3)
  A leopard gecko (D:1)
  5 orcs
  2 giant cockroaches
  5 goblins
  7 hobgoblins
  2 kobolds (D:2)
  A quokka (D:2)
  8 bats
  A frilled lizard (D:1)
  A leopard gecko skeleton (D:4)
  A quokka skeleton (D:5)
  9 rats
86 creatures vanquished.

Notes
Turn   | Place    | Note
-------+----------+-------------------------------------------
     0 | D:1      | vishdafish the Demonspawn Fighter began the quest for the Orb.
     0 | D:1      | Reached XP level 1. HP: 18/18 MP: 1/1
   262 | D:1      | Gained mutation: You sometimes gain a little power by taking damage. [demonic ancestry]
   262 | D:1      | Reached XP level 2. HP: 24/24 MP: 2/2
   524 | D:1      | Reached skill level 3 in Shields
   571 | D:2      | Reached XP level 3. HP: 16/29 MP: 3/3
  1094 | D:2      | Gained mutation: You have sharp toenails. [demonic ancestry]
  1094 | D:2      | Reached XP level 4. HP: 35/35 MP: 4/4
  1233 | D:3      | Found a shadowy altar of Dithmenos.
  1923 | D:4      | Gained mutation: You are partially covered in iridescent scales. (AC +2) [demonic ancestry]
  1923 | D:4      | Reached XP level 5. HP: 28/41 MP: 5/5
  2121 | D:4      | Reached skill level 1 in Dodging
  2205 | D:4      | Found a staircase to the Ecumenical Temple.
  2856 | D:4      | Reached skill level 4 in Shields
  2856 | D:4      | Gained mutation: You have razor-sharp toenails. [demonic ancestry]
  2856 | D:4      | Reached XP level 6. HP: 37/47 MP: 6/6
  3000 | Temple   | Entered the Ecumenical Temple
  3359 | D:4      | Found an iron altar of Okawaru.
  3658 | D:5      | Entered Level 5 of the Dungeon
  3691 | D:5      | Gained mutation: You are mostly covered in iridescent scales. (AC +4) [demonic ancestry]
  3691 | D:5      | Reached XP level 7. HP: 41/52 MP: 7/7
  4088 | D:5      | Found an ancient bone altar of Kikubaaqudgha.
  4092 | D:5      | Found a blossoming altar of Fedhas.
  4385 | D:5      | Reached skill level 5 in Shields
  4756 | D:5      | HP: 2/53 [orc priest/divine providence (13)]
  4756 | D:5      | Killed from afar by an orc priest

Skill      XL: |  1  2  3  4  5  6  7 |
---------------+----------------------+-----
Armour         | 3 4 |  4.4
Shields        | 3 4 5 |  5.0
Long Blades    | 2 3 4 |  4.9
Dodging        | 1 2 |  2.3
Fighting       | |  3.8
Stealth        | |  0.4

Action                   |  1- 3 |  4- 6 |  7- 9 || total
-------------------------+-------+-------+-------++-------
Melee: Long sword        |   122 |   195 |    83 ||   400
       Kick              |       |    73 |    34 ||   107
  Use: Scroll            |       |     6 |     1 ||     7
       Potion            |       |     1 |       ||     1
  Eat: Bread ration      |     1 |     1 |       ||     2
       Fruit             |       |     2 |       ||     2
       Meat ration       |       |       |     1 ||     1
Armor: Scale mail        |    68 |    70 |    38 ||   176
Dodge: Dodged            |    41 |    62 |    34 ||   137
Block: Shield            |    97 |   188 |    87 ||   372
       Reflection        |       |     4 |     5 ||     9
       Rpst.: Long sword |    17 |    20 |     8 ||    45
